 Dungeon Crawl Stone Soup version 0.24.0-13-gcf9b319 (webtiles) character file.

Game seed: 2896192741887612919, levelgen mode: deterministic

249 Arex the Skirmisher (level 5, -4/43 HPs)
             Began as a Demonspawn Monk on May 15, 2020.
             Slain by an ogre
             ... wielding a +0 giant club
              (17 damage)
             ... on level 5 of the Dungeon.
             The game lasted 00:12:03 (4313 turns).

Arex the Skirmisher (Demonspawn Monk)               Turns: 4313, Time: 00:12:03

Health: -4/43      AC:  6    Str:  9 (12) XL:     5   Next: 87%
Magic:  5/5        EV: 11    Int: 10 (12) God:
Gold:   154        SH:  0    Dex: 14 (15) Spells: 4/4 levels left

rFire    . . .     SeeInvis .   a - +0 hand axe
rCold    . . .     Gourm    .   (no shield)
rNeg     . . .     Faith    .   g - +0 ring mail {rPois}
rPois    +         Spirit   .   (no helmet)
rElec    .         Reflect  .   t - +0 cloak
rCorr    .         Harm     .   (no gloves)
MR       .....                  (no boots)
Stlth    +++.......             (no amulet)
HPRegen  0.14/turn              h - ring of stealth
MPRegen  0.09/turn              (no ring)

@: no status effects
A: talons 1, nightstalker 1
a: no special abilities


You were on level 5 of the Dungeon.
You were not hungry.

You visited 1 branch of the dungeon, and saw 4 of its levels.

You collected 154 gold pieces.

Inventory:

Hand Weapons
 a - a +0 hand axe (weapon)
Missiles
 e - 7 poisoned darts (quivered)
 f - 10 boomerangs
Armour
 b - a +0 robe
 d - a +0 leather armour
 g - a +0 ring mail of poison resistance (worn)
 t - a +0 cloak (worn)
Jewellery
 h - a ring of stealth (left hand)
Wands
 l - a wand of random effects (15)
Scrolls
 j - 2 scrolls of enchant weapon
 k - a scroll of immolation
 o - a scroll of remove curse
 q - a scroll of amnesia
Potions
 n - a potion of degeneration
 p - a potion of brilliance {unknown}
 s - a potion of flight {unknown}
 u - a potion of ambrosia {unknown}
Comestibles
 c - 3 rations


   Skills:
 + Level 4.5 Fighting
 + Level 4.1 Axes
 + Level 2.8 Armour
 - Level 2.6 Dodging
 - Level 1.7 Stealth


You had 4 spell levels left.
You didn't know any spells.
Your spell library contained the following spells:

 Spells                   Type           Power        Failure   Level  Hunger
 Corona                   Hex            #......      71%         1    ##.....
 Ensorcelled Hibernation  Hex/Ice        #.....       83%         2    ###....
 Confuse                  Hex            #.......     97%         3    ####...
 Dazzling Spray           Conj/Hex       #.....       97%         3    ####...
 Tukima's Dance           Hex            #.......     97%         3    ####...


Dungeon Overview and Level Annotations

Branches:
Dungeon (3/15)

Altars:


Innate Abilities, Weirdness & Mutations

You have sharp toenails.
You are slightly more attuned to the shadows.


Message History

You feel forgetful for a moment.
Okay, then.
Throwing (i - inventory. (/) - cycle)
e - 8 poisoned darts (quivered)
Press: ? - help, Shift-Dir - straight line, f - ogre
Aim: an ogre, wielding a +0 giant club You throw a poisoned dart.
The poisoned dart hits the ogre.
The ogre is poisoned.
The ogre hits you with a +0 giant club!!
You completely miss the ogre.
The ogre is moderately wounded.
The ogre closely misses you.
You hit the ogre.
The ogre is heavily wounded.
The ogre looks more healthy.
The ogre hits you with a +0 giant club!
You hit the ogre.
The ogre is heavily wounded.
You hit the ogre. You claw the ogre, but do no damage.
The ogre is heavily wounded.
The ogre hits you with a +0 giant club!
You die...

.............#
.............#
.#...)#######
##....#
#..(..#
#.....#
#....h#
#.....#
#...O@#
#######


You could see an ogre and a jackal.

Vanquished Creatures
  Ijyb (D:3)
  An orc wizard (D:3)
  3 gnolls (D:3)
  7 adders
  2 oozes (D:2)
  5 worms
  2 dart slugs (D:2)
  A leopard gecko (D:1)
  8 orcs (D:3)
  2 giant cockroaches
  7 goblins
  3 hobgoblins (D:1)
  6 jackals
  3 quokkas
  8 bats
  5 frilled lizards
  6 kobolds
  A leopard gecko skeleton (D:3)
  9 rats
80 creatures vanquished.

Notes
Turn   | Place    | Note
-------+----------+-------------------------------------------
     0 | D:1      | Arex the Demonspawn Monk began the quest for the Orb.
     0 | D:1      | Reached XP level 1. HP: 18/18 MP: 1/1
   453 | D:1      | Gained mutation: You have sharp toenails. [demonic
                  | ancestry]
   453 | D:1      | Reached XP level 2. HP: 19/24 MP: 2/2
   590 | D:1      | Reached skill level 1 in Armour
  1166 | D:2      | Reached XP level 3. HP: 21/29 MP: 3/3
  1770 | D:2      | Reached XP level 4. HP: 37/37 MP: 4/4
  2782 | D:3      | HP: 1/37 [gnoll/+0 halberd (16)]
  3240 | D:3      | Gained mutation: You are slightly more attuned to the
                  | shadows. [demonic ancestry]
  3240 | D:3      | Reached XP level 5. HP: 20/42 MP: 5/5
  3861 | D:3      | Noticed Ijyb
  3896 | D:3      | Killed Ijyb
  4281 | D:3      | You fall into a shaft and drop 2 floors!
  4281 | D:5      | Entered Level 5 of the Dungeon
  4298 | D:5      | Noticed an ogre
  4313 | D:5      | Slain by an ogre

Levels and vault maps discovered:
D:1:      dpeg_arrival_tiny_d, layout_basic
D:2:      layout_loops_ring
D:3:      layout_loops_ring, first_ration, corexii_leaking_fountain, uniq_ijyb
D:5:      layout_gridville, minmay_temple_entry_waves, uniq_eustachio

Skill      XL: |  1  2  3  4  5 |
---------------+----------------+-----
Axes           | 3 4 |  4.1
Armour         | 1 2 |  2.8
Fighting       | 4 |  4.5
Dodging        | |  2.6
Stealth        | |  1.7

Action                   |  1- 3 |  4- 6 || total
-------------------------+-------+-------++-------
Melee: Hand axe          |   154 |   184 ||   338
       Kick              |    21 |    43 ||    64
Throw: Dart              |       |    15 ||    15
  Use: Scroll            |     5 |     4 ||     9
       Potion            |       |     2 ||     2
 Stab: Sleeping          |     5 |    10 ||    15
  Eat: Chunk             |     3 |     8 ||    11
Armor: Ring mail         |    43 |    49 ||    92
       Robe              |     3 |       ||     3
       Leather armour    |     1 |       ||     1
Dodge: Dodged            |   104 |    91 ||   195
